 Dungeon Crawl Stone Soup version 0.27-a0-909-g0721f309d1 (webtiles) character file.

Game seed: 10867420541093513367

7634 littlecub the Fighter (level 11, -4/101 HPs)
             Began as a Ghoul Delver on Apr 8, 2021.
             Was a High Priest of Okawaru.
             Slain by an elephant (13 damage)
             ... on level 10 of the Dungeon.
             The game lasted 00:15:36 (11253 turns).

littlecub the Fighter (Ghoul Delver)               Turns: 11253, Time: 00:15:36

Health: -4/101     AC: 16    Str: 20    XL:     11   Next: 18%
Magic:  15/15      EV:  8    Int:  5    God:    Okawaru [*****.]
Gold:   855        SH:  5    Dex: 16    Spells: 10/10 levels left

rFire    . . .     SeeInvis .     - Unarmed
rCold    + . .     Faith    .   (no shield)
rNeg     + + +     Spirit   .   n - +0 plate armour
rPois    ∞         Reflect  +   (no helmet)
rElec    .         Harm     .   D - +0 cloak
rCorr    .         Rampage  .   (no gloves)
Will     .....                  L - +1 pair of boots
Stlth    ..........             t - amulet of reflection
HPRegen  0.00/turn              B - +6 ring of dexterity
MPRegen  0.14/turn              (no ring)

@: no status effects
A: claws 1, cold resistance 1, negative energy resistance 3, inhibited
regeneration, torment resistance 2, unbreathing 1
a: Renounce Religion, Heroism, Finesse


You were on level 10 of the Dungeon.
You worshipped Okawaru.
Okawaru was extremely pleased with you.
You visited 2 branches of the dungeon, and saw 11 of its levels.

You collected 1247 gold pieces.
You spent 392 gold pieces at shops.

Inventory:

Hand Weapons
 a - a +4 scimitar of flaming
Missiles
 l - 2 throwing nets
 s - 4 javelins
 E - a curare-tipped dart
 K - 2 boomerangs of dispersal
Armour
 n - a +0 plate armour (worn)
 D - a +0 cloak (worn)
 L - a +1 pair of boots (worn)
Jewellery
 t - an amulet of reflection (around neck)
 B - a +6 ring of dexterity (left claw)
Wands
 f - a wand of digging (3)
 u - a wand of flame (19)
 C - a wand of iceblast (21)
 G - a wand of mindburst (19)
 H - a wand of acid (8)
Scrolls
 b - 3 scrolls of fog
 c - 3 scrolls of magic mapping
 d - 3 scrolls of fear
 i - 3 scrolls of amnesia
 o - a scroll of blinking
 q - a scroll of enchant armour
 r - a scroll of holy word
 v - 4 scrolls of teleportation
 y - a scroll of immolation
 A - a scroll of vulnerability
 F - 2 scrolls of silence
Potions
 e - 2 potions of haste
 g - 2 potions of degeneration {unknown}
 h - 3 potions of flight {unknown}
 j - 2 potions of brilliance
 k - 2 potions of mutation {unknown}
 m - 2 potions of ambrosia {unknown}
 p - a potion of might
 x - a potion of heal wounds
 z - a potion of magic
 I - 2 potions of curing
 J - a potion of attraction


   Skills:
 * Level 10.4 Fighting
 + Level 5.6 Armour
 + Level 6.2 Dodging
 - Level 5.4 Stealth
 * Level 10.1 Unarmed Combat
 + Level 6.8 Invocations


You had 10 spell levels left.
You didn't know any spells.
Your spell library was empty.

Dungeon Overview and Level Annotations

Branches:
Dungeon (10/15)            Temple (1/1) D:5            Lair (0/6) D:10
    Orc: D:9-12

Altars:
Cheibriados
Fedhas
Gozag
Kikubaaqudgha
Nemelex Xobeh
Okawaru
Qazlal
Ru
Sif Muna
Trog
Xom
Yredelemnul
Zin

Shops:
D:9 *=


Innate Abilities, Weirdness & Mutations

You thrive by killing the living.
You are immune to poison.
You have sharp fingernails.
Your flesh is cold resistant. (rC+)
You are immune to negative energy. (rN+++)
You do not regenerate when monsters are visible.
You are immune to unholy pain and torment.
You can survive without breathing.


Message History

The basilisk bites you.
* * * LOW HITPOINT WARNING * * *
The elephant tramples you but does no damage.
The elephant trunk-slaps you but does no damage.
The basilisk barely misses you. The elephant completely misses you.
The elephant trunk-slaps you but does no damage.
The basilisk gazes at you. You resist with some effort.
The elephant tramples you but does no damage.
The elephant trunk-slaps you but does no damage.
The basilisk bites you but does no damage.
The elephant tramples you but does no damage.
The elephant trunk-slaps you but does no damage.
The basilisk bites you.
* * * LOW HITPOINT WARNING * * *
You turn to flesh and can move again.
You claw the basilisk! Your claw misses the basilisk.
The basilisk is almost dead.
The elephant tramples you.
* * * LOW HITPOINT WARNING * * *
You hold your ground!
You block the elephant's attack.
You claw the basilisk!
You kill the basilisk!
Okawaru accepts your kill. You block the elephant's attack.
The elephant barely misses you.
You claw the elephant!
The elephant is moderately wounded.
You block the elephant's attack.
The elephant trunk-slaps you but does no damage.
You claw the elephant!
The elephant is heavily wounded.
You scratch the elephant.
The elephant is heavily wounded.
The elephant tramples you but does no damage.
The elephant trunk-slaps you but does no damage.
You scratch the elephant but do no damage.
The elephant is heavily wounded.
The elephant tramples you!
You die...

##########################
................@†........ .
..###...##......Y........ ..
..# #...##...........### ..#
..###.................# ....
......................# .P...
.......#############'##......
.#.....# #...............
.#.....# #...............
.......# #............>..


You could see an elephant.

Vanquished Creatures
  A two-headed ogre (D:9)
  Erica (D:8)
  Pikel (D:5)
  A manticore (D:8)
  Psyche (D:8)
  A troll (D:5)
  Prince Ribbit (D:6)
  A hornet (D:8)
  A shadow (D:10)
  2 basilisks (D:10)
  6 yaks
  2 vampire mosquitoes (D:10)
  An acid dragon (D:8)
  Duvessa (D:4)
  2 orc warriors
  A necrophage (D:7)
  4 ogres
  5 centaurs
  A kobold brigand (D:7)
  A phantom (D:5)
  2 bullfrogs
  A scorpion (D:5)
  Dowan (D:4)
  2 water moccasin skeletons (D:4)
  4 wights (D:8)
  3 howler monkeys
  A bullfrog zombie (D:5)
  3 centaur zombies
  2 jellies (D:7)
  A bullfrog skeleton (D:7)
  4 hounds
  An orc priest (D:8)
  Crazy Yiuf (D:6)
  3 iguanas
  8 orc wizards
  A hound skeleton (D:4)
  13 adders
  2 shadow imps
  A white imp (D:7)
  A worm (D:3)
  A dart slug (D:2)
  18 orcs
  4 ball pythons
  7 endoplasms
  3 giant cockroaches
  7 goblins
  5 hobgoblins
  6 kobolds
  4 quokkas
  4 bats
  2 frilled lizards
  5 rats
156 creatures vanquished.

Vanquished Creatures (others)
  An orc wizard (D:8)
1 creature vanquished.

Grand Total: 157 creatures vanquished

Notes
Turn   | Place    | Note
-------+----------+-------------------------------------------
     0 | D:5      | littlecub the Ghoul Delver began the quest for the Orb.
     0 | D:5      | Reached XP level 1. HP: 19/19 MP: 0/0
    58 | D:4      | Reached XP level 2. HP: 16/26 MP: 1/1
   420 | D:4      | Noticed an ogre
   475 | D:3      | You fall into a shaft and drop 2 floors!
   476 | D:5      | Noticed a troll
   478 | D:5      | Found a staircase to the Ecumenical Temple.
   488 | Temple   | Entered the Ecumenical Temple
   497 | Temple   | Became a worshipper of Warmaster Okawaru
   512 | D:5      | Found Dixzemymm's Magic Scroll Emporium.
   516 | D:5      | Noticed a phantom
   550 | D:5      | Killed a phantom
   551 | D:5      | Reached skill level 1 in Armour
   551 | D:5      | Reached skill level 1 in Invocations
   551 | D:5      | Reached XP level 3. HP: 14/33 MP: 2/2
   551 | D:5      | Reached XP level 4. HP: 17/40 MP: 3/3
  1118 | D:3      | Reached XP level 5. HP: 38/46 MP: 3/5
  2438 | D:2      | Found a shimmering blue altar of Sif Muna.
  2652 | D:2      | Found a faded altar of an unknown god.
  2731 | D:2      | Reached XP level 6. HP: 53/53 MP: 6/6
  3820 | D:4      | Reached * piety under Okawaru
  3918 | D:4      | Reached skill level 5 in Fighting
  4252 | D:4      | Reached XP level 7. HP: 19/61 MP: 4/7
  4470 | D:4      | Noticed Duvessa
  4470 | D:4      | Noticed Dowan
  4488 | D:4      | Killed Duvessa
  4510 | D:4      | Killed Dowan
  4511 | D:4      | Reached skill level 5 in Unarmed Combat
  5155 | D:5      | Reached ** piety under Okawaru
  5191 | D:5      | Reached XP level 8. HP: 44/70 MP: 9/9
  5221 | D:5      | Bought a scroll of identify for 26 gold pieces
  5221 | D:5      | Bought a scroll of teleportation for 39 gold pieces
  5221 | D:5      | Bought a scroll of identify for 26 gold pieces
  5332 | D:5      | Identified a scroll of acquirement
  5336 | D:5      | Noticed Pikel
  5357 | D:5      | Killed Pikel
  5360 | D:5      | Identified the +1 robe of the Bouncing Wonders {+Blink
                  | Int+2}
  5361 | D:5      | Acquired 871 gold pieces
  5548 | D:5      | Killed a troll
  5548 | D:5      | Reached *** piety under Okawaru
  5563 | D:5      | Bought a scroll of enchant armour for 97 gold pieces
  5563 | D:5      | Bought a scroll of teleportation for 39 gold pieces
  5563 | D:5      | Bought a scroll of immolation for 45 gold pieces
  5921 | D:5      | Reached XP level 9. HP: 72/79 MP: 11/11
  6250 | D:6      | Noticed Prince Ribbit
  6286 | D:6      | Killed Prince Ribbit
  6454 | D:6      | Found a stormy altar of Qazlal.
  7111 | D:6      | Found a runed translucent door.
  7112 | D:6      | Noticed Crazy Yiuf
  7120 | D:6      | Killed Crazy Yiuf
  7343 | D:7      | Reached **** piety under Okawaru
  7563 | D:7      | Reached skill level 5 in Invocations
  8263 | D:8      | Noticed Erica
  8283 | D:8      | Killed Erica
  8284 | D:8      | Reached skill level 5 in Dodging
  8284 | D:8      | Reached XP level 10. HP: 36/91 MP: 10/13
  8455 | D:8      | Noticed a manticore
  8477 | D:8      | Killed a manticore
  9013 | D:8      | Noticed Psyche
  9035 | D:8      | Killed Psyche
  9164 | D:8      | Reached skill level 5 in Armour
  9653 | D:9      | Noticed a two-headed ogre
  9662 | D:9      | Killed a two-headed ogre
  9860 | D:9      | Reached ***** piety under Okawaru
  9886 | D:9      | Reached skill level 10 in Fighting
 10062 | D:9      | Found Basaadd's General Store.
 10065 | D:9      | Bought a potion of attraction for 36 gold pieces
 10065 | D:9      | Bought a potion of heal wounds for 60 gold pieces
 10065 | D:9      | Bought a scroll of identify for 24 gold pieces
 10357 | D:9      | Found Hiliram's Jewellery Emporium.
 10596 | D:10     | Entered Level 10 of the Dungeon
 10611 | D:10     | Reached XP level 11. HP: 30/99 MP: 14/14
 11108 | D:10     | Reached skill level 10 in Unarmed Combat
 11207 | D:10     | Found a staircase to the Lair.
 11253 | D:10     | Slain by an elephant

Illustrated notes

Levels and vault maps discovered:
D:1:      dpeg_arrival_rhombus, layout_basic
D:2:      layout_basic, basic_ecumenical_altar, basic_altar
D:3:      layout_basic
D:4:      kb_forest_paths, layout_basic, uniq_duvessa
D:5:      layout_loops_ring, minmay_temple_entry_trees, serial_shops, shop,
          uniq_pikel
D:6:      layout_rooms, amcnicky_altar_gilded, kennysheep_generic_room_14,
          uniq_prince_ribbit1, uniq_crazy_yiuf_cottage
D:7:      layout_cave_pools, minmay_liquid_box, dk_noncrumbling_4, st_stairs_2
D:8:      layout_basic, uniq_psyche, uniq_erica
D:9:      layout_irregular_city, serial_shops, kennysheep_mini,
          kennysheep_mini_moat, corexii_hall_statues_x
D:10:     layout_stronghold, david_lair_generic, minmay_starry_boxes
Temple:   compressed_dpeg_triangle_lava_temple

Skill      XL: |  1  2  3  4  5  6  7  8  9 10 11 |
---------------+----------------------------------+-----
Dodging        | 2 3 4 5 6 |  6.2
Fighting       | 4 5 6 7 9 10 | 10.4
Armour         | 1 2 3 4 5 |  5.6
Unarmed Combat | 3 4 5 6 8 9 10 | 10.1
Invocations    | 1 2 3 4 5 6 |  6.8
Stealth        | |  5.4

Action                   |  1- 3 |  4- 6 |  7- 9 | 10-12 || total
-------------------------+-------+-------+-------+-------++-------
Melee: Unarmed           |    39 |   215 |   252 |   216 ||   722
       Punch             |     1 |     3 |    12 |    16 ||    32
Invok: Heroism           |       |     1 |     3 |     4 ||     8
Evoke: Wand              |       |     1 |     1 |     2 ||     4
  Use: Scroll            |       |       |     8 |     3 ||    11
       Potion            |       |       |     1 |     3 ||     4
 Stab: Sleeping          |     1 |     7 |       |       ||     8
Armor: Leather armour    |     9 |    18 |       |       ||    27
       Ring mail         |       |     8 |       |       ||     8
       Plate armour      |       |    43 |   109 |   144 ||   296
Dodge: Dodged            |    20 |    95 |    70 |    66 ||   251
Block: Other             |       |       |    40 |    52 ||    92
       Reflection        |       |       |     4 |     1 ||     5

Table legend: (Time is in decaauts)
 A = Elapsed time spent in this place.
 B = Non-inter-level travel time spent in this place.
 C = Inter-level travel time spent in this place.
 D = Time resting spent in this place.
 E = Time spent auto-exploring this place.
 F = Levels seen in this place.
 G = Mean time per level.
                   A        B        C        D        E       F      G
               +--------+--------+--------+--------+--------+-----+--------+
         Total |  11163 |  10754 |    409 |    667 |   8704 |  11 | 1014.8 |
       Dungeon |  11144 |  10751 |    393 |    667 |   8703 |  10 | 1114.4 |
        Temple |     18 |      2 |     16 |      0 |      1 |   1 |   18.0 |
               +--------+--------+--------+--------+--------+-----+--------+

Top non-repeatable levels by time:
     D:4: 1838 daAuts
     D:8: 1674 daAuts
     D:5: 1422 daAuts
     D:3: 1188 daAuts
     D:6: 1093 daAuts
     D:9: 995 daAuts
     D:2: 886 daAuts
     D:1: 781 daAuts
    D:10: 646 daAuts
     D:7: 618 daAuts
  Temple: 18 daAuts
